 Dungeon Crawl Stone Soup version 0.29.0-5-ge4962eb29e (webtiles) character file.

Game seed: 9803947325026888087

7452 Anothat the Blocker (level 11, -6/89 HPs)
             Began as a Gnoll Fighter on Aug 28, 2022.
             Was a Believer of Qazlal.
             Mangled by a salamander tyrant (24 damage)
             ... on level 10 of the Dungeon.
             The game lasted 00:23:17 (12039 turns).

Anothat the Blocker (Gnoll Fighter)                Turns: 12039, Time: 00:23:18

Health: -6/89      AC: 19    Str: 20    XL:     11   Next: 15%
Magic:  19/20      EV:  8    Int:  8    God:    Qazlal [**....]
Gold:   498        SH: 11    Dex: 11    Spells: 22/22 levels left

rFire   . . .      SeeInvis .   l - +0 trident (pain)
rCold   . . .      Faith    .   A - +2 buckler
rNeg    + . .      Spirit   .   r - +1 crystal plate armour of the Beloved Centipede {rPois rN+}
rPois   +          Reflect  .   (no helmet)
rElec   .          Harm     .   (no cloak)
rCorr   .          Rampage  .   u - +0 pair of gloves
Will    +....                   h - +0 pair of boots
Stlth   ..........              x - amulet of regeneration
HPRegen 1.04/turn               z - +4 ring of evasion
MPRegen 0.17/turn               y - ring of willpower

@: weakened, corroded
A: fangs 1, strong nose, distributed training
a: Renounce Religion, Upheaval


You were on level 10 of the Dungeon.
You worshipped Qazlal.
Qazlal was pleased with you.
You visited 2 branches of the dungeon, and saw 11 of its levels.

You collected 498 gold pieces.

Inventory:

Hand Weapons
 a - a +0 war axe
 l - a +0 trident of pain (weapon)
Missiles
 i - 7 javelins (quivered)
Armour
 h - a +0 pair of boots (worn)
 r - the +1 crystal plate armour of the Beloved Centipede (worn) {rPois rN+}
   (You acquired it on level 5 of the Dungeon)

   rPois:     It protects you from poison.
   rN:        It protects you from negative energy.
 u - a +0 pair of gloves (worn)
 A - a +2 buckler (worn)
Jewellery
 m - a ring of wizardry
 w - a ring of flight
 x - an amulet of regeneration (around neck)
 y - a ring of willpower (right hand)
 z - a +4 ring of evasion (left hand)
Wands
 c - a wand of charming (13)
 q - a wand of flame (37)
 t - a wand of digging (16)
Scrolls
 b - 2 scrolls of teleportation
 f - 4 scrolls of identify
 g - 4 scrolls of poison
 k - 6 scrolls of enchant armour
 C - a scroll of magic mapping
Potions
 d - a potion of might
 e - a potion of attraction
 j - 2 potions of mutation
 n - a potion of cancellation
 o - 4 potions of lignification
 p - 3 potions of curing
 s - 2 potions of flight
 v - a potion of brilliance
 B - a potion of haste
 D - a potion of degeneration


   Skills:
 + Level 9.1 Fighting
 + Level 6.2 Short Blades
 + Level 6.2 Long Blades
 + Level 7.8 Axes
 + Level 6.2 Maces & Flails
 + Level 6.2 Polearms
 + Level 6.2 Staves
 + Level 6.2 Ranged Weapons
 + Level 6.2 Throwing
 + Level 9.1 Armour
 + Level 6.2 Dodging
 + Level 6.2 Stealth
 + Level 9.1 Shields
 + Level 6.2 Unarmed Combat
 + Level 6.2 Spellcasting
 + Level 5.1 Conjurations
 + Level 5.1 Hexes
 + Level 5.1 Summonings
 + Level 5.1 Necromancy
 + Level 5.1 Translocations
 + Level 5.1 Transmutations
 + Level 5.1 Fire Magic
 + Level 5.1 Ice Magic
 + Level 5.1 Air Magic
 + Level 5.1 Earth Magic
 + Level 5.1 Poison Magic
 + Level 6.8 Invocations
 + Level 6.2 Evocations


You had 22 spell levels left.
You didn't know any spells.
Your spell library contained the following spells:

 Spells                   Type           Power      Damage    Failure   Level
 Slow                     Hex            40%        N/A       98%         1
 Summon Small Mammal      Summ           40%        N/A       98%         1
 Static Discharge         Conj/Air       10%        3-5/arc   99%         2
 Call Canine Familiar     Summ           10%        N/A       100%        3
 Confusing Touch          Hex            10%        N/A       100%        3
 Conjure Flame            Conj/Fire      10%        6-21      100%        3
 Ignite Poison            Fire/Tmut/Pois 10%        N/A       100%        3
 Mephitic Cloud           Conj/Pois/Air  10%        N/A       100%        3
 Summon Guardian Golem    Hex/Summ       10%        N/A       100%        3
 Vampiric Draining        Necr           10%        2d6       100%        3
 Sticky Flame             Conj/Fire      10%        2d3       100%        4
 Freezing Cloud           Conj/Ice/Air   5%         6-21      100%        5
 Lightning Bolt           Conj/Air       5%         1d17      100%        5
 Maxwell's Capacitive Co  Air            5%         ∞         100%        8


Dungeon Overview and Level Annotations

Branches:
Dungeon (10/15)            Temple (1/1) D:4
   Lair: D:8-11         Orc: D:9-12

Altars:
Ashenzari
Cheibriados
Dithmenos
Elyvilon
Fedhas
Gozag
Hepliaklqana
Kikubaaqudgha
Makhleb
Nemelex Xobeh
Okawaru
Qazlal
Ru
Sif Muna
Trog
Vehumet
Wu Jian
Xom
Yredelemnul
The Shining One

Shops:
D:8 *

Portals:
Abyss: D:3

Annotations:
D:3 2 transporters, sentinel's ghost, amateur MeEE


Innate Abilities, Weirdness & Mutations

You have very sharp teeth.
Your uncanny sense of smell can sniff out nearby items.
Your experience applies equally to all skills.


Message History

A kobold brigand comes into view.
It is wielding a +0 short sword and quivering poisoned darts.
You hit the salamander tyrant but do no damage.
The salamander tyrant writhes in agony.
The salamander tyrant is lightly wounded.
The salamander tyrant hits you but does no damage.
You hit the salamander tyrant.
The salamander tyrant writhes in agony.
The salamander tyrant is lightly wounded.
The kobold brigand hits you with a +0 short sword.
A kobold comes into view. It is wielding a +0 antimagic dagger.
The salamander tyrant hits you but does no damage.
You hit the salamander tyrant but do no damage.
The salamander tyrant writhes in agony.
You bite the salamander tyrant, but do no damage.
The salamander tyrant is moderately wounded.
The kobold hits you with a +0 antimagic dagger.
You feel your power leaking away.
The kobold brigand hits you but does no damage.
The salamander tyrant hits you!
You are engulfed in flames!!
You are too injured to fight recklessly!
You are too injured to fight recklessly!
You are too injured to fight recklessly!
You are too injured to fight recklessly!
You are too injured to fight recklessly!
You are too injured to fight recklessly!
You are too injured to fight recklessly!
You are too injured to fight recklessly!
You are too injured to fight recklessly!
You are too injured to fight recklessly!
Okay, then.
Okay, then.
Okay, then.
Aiming: Dig
Press: ? - help, Shift-Dir - straight line, p - salamander tyrant A rock wall.
The rock shatters into small pieces.
The kobold brigand hits you but does no damage.
You block the kobold's attack. The salamander tyrant hits you!
* * * LOW HITPOINT WARNING * * *
You are engulfed in flames!!
You die...

∆ .....>.
#........
..?...<.
#......
....oo
..#{#
#.#N#
#.#@#
#.KK.#
#..##.#
##.# #.#
#)<# #.#
#))# #.#
∆ ....#
#.#
...####
#. .....


You could see a salamander tyrant, a kobold brigand, 2 orcs and a kobold.

Vanquished Creatures
  A two-headed ogre (D:7)
  Pikel (D:7)
  2 trolls (D:9)
  Sigmund (D:5)
  3 yaks (D:8)
  Edmund (D:5)
  4 steam dragons
  2 acid dragons
  3 water moccasins
  An ice beast (D:4)
  An orc warrior (D:7)
  A sky beast (D:7)
  2 ogres
  6 centaurs
  2 phantoms (D:4)
  2 lemures (D:7)
  4 kobold brigands (D:9)
  3 bullfrogs
  A necrophage (D:6)
  7 scorpions
  8 wights
  4 killer bees (D:10)
  An electric eel (D:6)
  4 crimson imps (D:4)
  4 hounds
  A jelly (D:8)
  7 orc priests
  A gnoll bouda (D:7)
  4 iguanas
  9 orc wizards
  8 gnolls
  3 adders (D:6)
  3 worms
  3 dart slugs
  32 orcs
  7 bats
  7 endoplasms
  5 giant cockroaches
  10 goblins
  7 hobgoblins
  17 kobolds
  3 quokkas
  8 ball pythons
  4 frilled lizards (D:1)
  4 rats
212 creatures vanquished.

Vanquished Creatures (collateral kills)
  A two-headed ogre (D:6)
1 creature vanquished.

Vanquished Creatures (others)
  4 plants
4 creatures vanquished.

Grand Total: 217 creatures vanquished

Notes
Turn   | Place    | Note
-------+----------+-------------------------------------------
     0 | D:1      | Anothat the Gnoll Fighter began the quest for the Orb.
     0 | D:1      | Reached XP level 1. HP: 23/23 MP: 1/1
     3 | D:1      | Noticed an electric eel
     4 | D:1      | Noticed an electric eel
   184 | D:1      | Reached XP level 2. HP: 28/29 MP: 2/2
   413 | D:1      | Found a faded altar of an unknown god.
   695 | D:1      | Reached XP level 3. HP: 35/35 MP: 3/3
  1109 | D:2      | Reached skill level 1 in Invocations
  1227 | D:2      | Reached skill level 1 in Short Blades
  1227 | D:2      | Reached skill level 1 in Long Blades
  1227 | D:2      | Reached skill level 1 in Maces & Flails
  1227 | D:2      | Reached skill level 1 in Polearms
  1227 | D:2      | Reached skill level 1 in Staves
  1227 | D:2      | Reached skill level 1 in Ranged Weapons
  1227 | D:2      | Reached skill level 1 in Throwing
  1227 | D:2      | Reached skill level 1 in Dodging
  1227 | D:2      | Reached skill level 1 in Stealth
  1227 | D:2      | Reached skill level 1 in Unarmed Combat
  1227 | D:2      | Reached skill level 1 in Spellcasting
  1227 | D:2      | Reached skill level 1 in Evocations
  1229 | D:2      | Reached XP level 4. HP: 41/41 MP: 5/5
  1245 | D:2      | Reached skill level 1 in Conjurations
  1245 | D:2      | Reached skill level 1 in Hexes
  1245 | D:2      | Reached skill level 1 in Summonings
  1245 | D:2      | Reached skill level 1 in Necromancy
  1245 | D:2      | Reached skill level 1 in Translocations
  1245 | D:2      | Reached skill level 1 in Transmutations
  1245 | D:2      | Reached skill level 1 in Fire Magic
  1245 | D:2      | Reached skill level 1 in Ice Magic
  1245 | D:2      | Reached skill level 1 in Air Magic
  1245 | D:2      | Reached skill level 1 in Earth Magic
  1245 | D:2      | Reached skill level 1 in Poison Magic
  2019 | D:3      | Noticed a small abomination
  2093 | D:3      | HP: 3/61 [something/puff of flame (8)]
  2096 | D:3      | Reached XP level 5. HP: 4/47 MP: 5/7
  2704 | D:3      | Found a transporter.
  2704 | D:3      | Found a transporter.
  2717 | D:3      | Noticed a small abomination
  2728 | D:3      | Found a one-way gate to the infinite horrors of the Abyss.
  2839 | D:3      | HP: 2/47 [poisoned by a kobold]
  2872 | D:3      | Reached XP level 6. HP: 6/53 MP: 8/8
  3255 | D:3      | Noticed sentinel's ghost (amateur MeEE)
  3314 | D:3      | Found a faded altar of an unknown god.
  3318 | D:3      | Found a blossoming altar of Fedhas.
  3626 | D:4      | Found a shimmering altar of Xom.
  3659 | D:4      | Reached skill level 5 in Axes
  3847 | D:4      | Reached XP level 7. HP: 22/60 MP: 10/10
  4956 | D:4      | Reached XP level 8. HP: 41/67 MP: 12/12
  5377 | D:4      | Found a staircase to the Ecumenical Temple.
  5511 | Temple   | Entered the Ecumenical Temple
  5788 | Temple   | Became a worshipper of Qazlal Stormbringer
  5824 | D:5      | Entered Level 5 of the Dungeon
  5860 | D:5      | Noticed Sigmund
  5861 | D:5      | Noticed Edmund
  5870 | D:5      | Killed Sigmund
  5876 | D:5      | Killed Edmund
  6982 | D:5      | Identified a scroll of acquirement
  6982 | D:5      | Acquired the +1 crystal plate armour of the Beloved
                  | Centipede {rPois rN+}
  7052 | D:6      | Reached XP level 9. HP: 55/73 MP: 14/14
  7952 | D:6      | Noticed a two-headed ogre
  8271 | D:6      | Killed a two-headed ogre
  8272 | D:6      | Reached skill level 5 in Invocations
  8995 | D:6      | Found an ornate altar of the Wu Jian Council.
  9218 | D:7      | Found a flagged portal.
  9346 | D:7      | Noticed Pikel
  9384 | D:7      | Killed Pikel
  9385 | D:7      | Reached skill level 5 in Short Blades
  9385 | D:7      | Reached skill level 5 in Long Blades
  9385 | D:7      | Reached skill level 5 in Maces & Flails
  9385 | D:7      | Reached skill level 5 in Polearms
  9385 | D:7      | Reached skill level 5 in Staves
  9385 | D:7      | Reached skill level 5 in Ranged Weapons
  9385 | D:7      | Reached skill level 5 in Throwing
  9385 | D:7      | Reached skill level 5 in Dodging
  9385 | D:7      | Reached skill level 5 in Stealth
  9385 | D:7      | Reached skill level 5 in Unarmed Combat
  9385 | D:7      | Reached skill level 5 in Spellcasting
  9385 | D:7      | Reached skill level 5 in Evocations
  9385 | D:7      | Reached XP level 10. HP: 73/82 MP: 17/17
  9573 | D:7      | Reached * piety under Qazlal
 10579 | D:8      | Found Misoemol's Profane Products.
 10627 | D:8      | Found an opulent altar of Gozag.
 10963 | D:8      | Noticed a two-headed ogre
 11049 | D:7      | Killed a two-headed ogre
 11403 | D:9      | Reached ** piety under Qazlal
 11430 | D:9      | Reached skill level 5 in Conjurations
 11430 | D:9      | Reached skill level 5 in Hexes
 11430 | D:9      | Reached skill level 5 in Summonings
 11430 | D:9      | Reached skill level 5 in Necromancy
 11430 | D:9      | Reached skill level 5 in Translocations
 11430 | D:9      | Reached skill level 5 in Transmutations
 11430 | D:9      | Reached skill level 5 in Fire Magic
 11430 | D:9      | Reached skill level 5 in Ice Magic
 11430 | D:9      | Reached skill level 5 in Air Magic
 11430 | D:9      | Reached skill level 5 in Earth Magic
 11430 | D:9      | Reached skill level 5 in Poison Magic
 11435 | D:9      | Reached XP level 11. HP: 89/89 MP: 20/20
 11978 | D:10     | Entered Level 10 of the Dungeon
 12027 | D:10     | Noticed a salamander tyrant
 12039 | D:10     | Mangled by a salamander tyrant

Illustrated notes

Levels and vault maps discovered:
D:1:      arrival_aquarium_b, layout_loops_cross,
          shapermc_ecumenical_altar_mp_urbaneastern, patterned_corridor
D:2:      layout_loops_cross, dk_noncrumbling_2
D:3:      layout_basic, nicolae_overflow_ecumenical_swirl,
          gammafunk_ghost_abyssal_escape, minmay_fractal_squares_diagonal_5
D:4:      layout_basic, led_xom_imps, temple_green
D:5:      layout_loops_cross, uniq_edmund, uniq_sigmund
D:6:      cheibrodos_two_vegetables, layout_cave_pools,
          nicolae_wu_jian_glorious_leap
D:7:      layout_loops_ring, enter_bailey_5, kb_lookout_dungeons_type,
          uniq_pikel
D:8:      layout_loops_corners, grunt_gozag_breadcrumbs, nicolae_evil_shop
D:9:      layout_long_grid, minmay_unpleasant_kobolds
D:10:     minmay_firetagon, layout_rooms, zin_academy,
          nicolae_uskayaw_en_pointe, uniq_grum
Temple:   eino_temple_scatter_basement

Skill      XL: |  1  2  3  4  5  6  7  8  9 10 |
---------------+-------------------------------+-----
Invocations    | 1 2 3 4 5 6 |  6.8
Short Blades   | 1 2 3 5 6 |  6.2
Long Blades    | 1 2 3 5 6 |  6.2
Maces & Flails | 1 2 3 5 6 |  6.2
Polearms       | 1 2 3 5 6 |  6.2
Staves         | 1 2 3 5 6 |  6.2
Ranged Weapons | 1 2 3 5 6 |  6.2
Throwing       | 1 2 3 5 6 |  6.2
Dodging        | 1 2 3 5 6 |  6.2
Stealth        | 1 2 3 5 6 |  6.2
Unarmed Combat | 1 2 3 5 6 |  6.2
Spellcasting   | 1 2 3 5 6 |  6.2
Evocations     | 1 2 3 5 6 |  6.2
Conjurations   | 1 2 3 4 5 |  5.1
Hexes          | 1 2 3 4 5 |  5.1
Summonings     | 1 2 3 4 5 |  5.1
Necromancy     | 1 2 3 4 5 |  5.1
Translocations | 1 2 3 4 5 |  5.1
Transmutations | 1 2 3 4 5 |  5.1
Fire Magic     | 1 2 3 4 5 |  5.1
Ice Magic      | 1 2 3 4 5 |  5.1
Air Magic      | 1 2 3 4 5 |  5.1
Earth Magic    | 1 2 3 4 5 |  5.1
Poison Magic   | 1 2 3 4 5 |  5.1
Axes           | 5 6 7 |  7.8
Fighting       | 7 8 9 |  9.1
Armour         | 7 8 9 |  9.1
Shields        | 7 8 9 |  9.1

Action                   |  1- 3 |  4- 6 |  7- 9 | 10-12 || total
-------------------------+-------+-------+-------+-------++-------
Melee: War axe           |   101 |    25 |       |       ||   126
       Bite              |     9 |    18 |    44 |    32 ||   103
       Trident           |       |   185 |   376 |   333 ||   894
Throw: Javelin           |       |       |     2 |       ||     2
Evoke: Wand              |       |     7 |     7 |     2 ||    16
  Use: Potion            |       |     3 |     4 |     1 ||     8
       Scroll            |       |    11 |     5 |     5 ||    21
Armor: Scale mail        |    39 |    96 |    47 |       ||   182
       Crystal plate arm |       |       |   161 |   188 ||   349
Dodge: Dodged            |    39 |    50 |    91 |    67 ||   247
Block: Buckler           |    31 |    40 |   112 |   157 ||   340
